 Dungeon Crawl Stone Soup version 0.22.1-1-ga44c0e56f4 (webtiles) character file.

44 JedernureinKreuz the Conjurer (level 3, 0/26 HPs)
             Began as a Demigod Conjurer on Sept 23, 2018.
             Killed from afar by Natasha (10 damage)
             ... with a magic dart
             ... on level 2 of the Dungeon.
             The game lasted 00:05:17 (1017 turns).

JedernureinKreuz the Conjurer (Demigod Conjurer)    Turns: 1017, Time: 00:05:18

Health: 0/26       AC:  5    Str: 11    XL:     3   Next: 23%
Magic:  0/8        EV: 13    Int: 21    God:
Gold:   59         SH:  0    Dex: 16    Spells: 4/5 levels left

rFire    . . .     SeeInvis .   h - +1 dagger (vamp)
rCold    . . .     Gourm    .   (no shield)
rNeg     . . .     Faith    .   a - +0 robe
rPois    .         Spirit   .   k - +0 helmet
rElec    .         Reflect  .   (no cloak)
rCorr    .         Harm     .   i - +1 pair of gloves
MR       .....                  (no boots)
Stlth    ++........             (no amulet)
HPRegen  0.08/turn              (no ring)
MPRegen  0.11/turn              (no ring)

@: very slightly contaminated, slowed, very slow
A: high mp 1
a: no special abilities


You were on level 2 of the Dungeon.
You were not hungry.

You visited 1 branch of the dungeon, and saw 2 of its levels.

You collected 59 gold pieces.

Inventory:

Hand Weapons
 h - a +1 vampiric dagger (weapon)
 p - a +2 vampiric short sword
Missiles
 d - 14 sling bullets
 m - 14 poisoned needles
 s - 20 bolts
 t - 24 arrows
Armour
 a - a +0 robe (worn)
 i - a +1 pair of gloves (worn)
 k - a +0 helmet (worn)
Jewellery
 f - an uncursed amulet of faith {unknown}
Scrolls
 c - 3 scrolls of remove curse
 j - a scroll of noise {unknown}
 l - a scroll of enchant weapon {unknown}
 q - a scroll of random uselessness {unknown}
Potions
 e - a potion of curing {unknown}
 g - 2 potions of lignification {unknown}
 n - a potion of mutation {unknown}
 o - a potion of agility {unknown}
 r - a potion of cancellation {unknown}
Comestibles
 b - 7 chunks of flesh


   Skills:
 + Level 0.1 Short Blades
 + Level 2.0 Dodging
 + Level 2.1 Stealth
 + Level 1.9 Spellcasting
 + Level 4.4 Conjurations


You had 4 spell levels left.
You knew the following spells:

 Your Spells              Type           Power        Failure   Level  Hunger
a - Magic Dart            Conj           ###.         2%          1    #......

Your spell library contained the following spells:

 Spells                   Type           Power        Failure   Level  Hunger
 Searing Ray              Conj           ###...       3%          2    ###....
 Dazzling Spray           Conj/Hex       ##....       19%         3    ###....
 Iskenderun's Mystic Bla  Conj           ###.....     24%         4    #####..
 Force Lance              Conj/Tloc      ##......     52%         4    #####..
 Fulminant Prism          Conj/Hex       ##........   52%         4    #####..


Dungeon Overview and Level Annotations

Branches:
Dungeon (2/15)

Annotations:
D:2 Natasha


Innate Abilities, Weirdness & Mutations

You have an increased reservoir of magic. (+10% MP)


Message History

Aim: Natasha (heavily wounded)
The magic dart hits Natasha.
Natasha is severely wounded.
Natasha closely misses you. Natasha casts a spell at you.
The magic dart hits you!
You closely miss Natasha.
Natasha is severely wounded.
Natasha howls an incantation.
Natasha shimmers violently.
Natasha barely misses you.
You hit Natasha.
You feel better.
Natasha is severely wounded.
Natasha stares at you and mumbles some strange words.
You resist with some effort. Natasha closely misses you.
You barely miss Natasha.
Natasha is severely wounded.
Natasha casts a spell at you. The magic dart hits you!
You die...

####.[..# #....#...####
####....####......###
.............รท...######
####.....###..........#
# #......###..........#
# #.#....#............#
# #.###....##.........#
# #. #.....###.#.#####
#. #...#.. #.@.#
.....#....h## #
....##... . ... ..... .
# ###.... . ...#.. .
.#.#.$. . # .. ... .


You could see Natasha.

Vanquished Creatures
  2 oozes
  A worm (D:2)
  A dart slug (D:1)
  A leopard gecko (D:1)
  2 ball pythons (D:2)
  A giant cockroach (D:1)
  3 goblins
  3 hobgoblins (D:1)
  3 jackals (D:1)
  4 bats (D:1)
  4 kobolds (D:1)
  5 rats
30 creatures vanquished.

Notes
Turn   | Place    | Note
-------+----------+-------------------------------------------
     0 | D:1      | JedernureinKreuz the Demigod Conjurer began the quest for
                  | the Orb.
     0 | D:1      | Reached XP level 1. HP: 14/14 MP: 5/5
   183 | D:1      | Reached skill level 4 in Conjurations
   183 | D:1      | Reached XP level 2. HP: 16/20 MP: 2/7
   856 | D:2      | Reached XP level 3. HP: 13/26 MP: 1/8
   973 | D:2      | Noticed Natasha
  1017 | D:2      | Killed from afar by Natasha

Skill      XL: |  1  2  3 |
---------------+----------+-----
Conjurations   | 4 |  4.4
Dodging        | 2 |  2.0
Stealth        | 2 |  2.1
Short Blades   | |  0.1
Spellcasting   | |  1.9

Action                   || total
-------------------------++-------
Melee: Dagger            ||    51
 Cast: Magic Dart        ||    59
  Use: Scroll            ||     1
  Eat: Ration            ||     2
       Chunk             ||     1
Armor: Robe              ||    26
Dodge: Dodged            ||    43
